AoeStats
← Malicious

Arena

508718255Analyzed
3v3 RM · 9d ago on Sep 23, 2026· 39m 1s· 6 players
Game mode
Random Map
Map size
Normal (6 player)
Population
200
Speed
Normal
Resources
Standard
Victory
Conquest
Starting age
Dark Age
Ending age
Imperial Age
RankedLock teamsTeams togetherTeam positionsShared explorationLock speedFull tech treeHidden civsTurbo modeCheats
Victory
Defeat
🇹🇷 Magyars · Türkiye
1314
+11
🇹🇷 Turks · Türkiye
1244
+14
🇹🇷 Portuguese · Türkiye
1196
+16
🇨🇱 Saxons · Chile
1321
-18
🇨🇱 Varangians · Chile
1156
-12
🇨🇱 Vikings · Chile
1139
-11
cavidal1
10:03 Feudal Age
11:10 Loom
15:00 Castle Age
14:37 Loom
29:09 Scale Mail Armor
30:39 Double-Bit Axe
30:36 Horse Collar
35:37 Imperial Age
34:56 Wheelbarrow
35:02 Squires
35:13 Town Watch
36:23 Hand Cart
37:12 Chain Mail Armor
37:13 Gambesons
38:10 Forging
37:43 Capped Ram
Buforbotzo
2:21 Loom
12:20 Feudal Age
12:43 Horse Collar
15:34 Double-Bit Axe
15:40 Arson
15:16 Man-at-Arms
17:54 Town Watch
20:36 Forging
24:37 Castle Age
23:19 Scale Mail Armor
23:24 Padded Archer Armor
23:14 Fletching
25:38 Bodkin Arrow
25:59 Leather Archer Armor
28:35 Ballistics
27:51 Elite Skirmisher
29:18 Light Cavalry
Xavier
10:08 Feudal Age
15:30 Castle Age
15:34 Fletching
16:50 Double-Bit Axe
16:49 Horse Collar
18:41 Bow Saw
18:50 Heavy Plow
22:13 Bodkin Arrow
24:37 Scale Mail Armor
24:47 Forging
25:23 Squires
28:15 Ballistics
30:15 Loom
31:02 Padded Archer Armor
32:47 Chain Mail Armor
35:07 Bloodlines
34:57 Husbandry
35:18 Leather Archer Armor
Elitore
7:42 Loom
9:53 Feudal Age
13:56 Castle Age
12:57 Double-Bit Axe
13:16 Horse Collar
19:36 Husbandry
21:07 Scale Barding Armor
21:38 Bloodlines
23:32 Chain Barding Armor
24:52 Gold Mining
24:54 Stone Mining
26:54 Wheelbarrow
26:54 Heavy Plow
29:03 Hand Cart
31:17 Town Watch
34:05 Imperial Age
31:19 Treadmill Crane
32:00 Ballistics
32:17 Town Patrol
32:27 Corvinian Army
33:14 Bow Saw
34:20 Gold Shaft Mining
35:10 Conscription
35:29 Plate Barding Armor
35:44 Crop Rotation
36:15 Two-Man Saw
35:54 Murder Holes
36:07 Elite Magyar Huszar
38:35 Chemistry
38:48 Fletching
TheCaesar
11:32 Feudal Age
16:18 Castle Age
20:25 Imperial Age
18:19 Gold Mining
19:35 Double-Bit Axe
20:40 Gold Shaft Mining
Malicious
10:43 Feudal Age
9:13 Loom
11:57 Double-Bit Axe
15:05 Castle Age
22:26 Bow Saw
23:07 Horse Collar
25:56 Heavy Plow
32:27 Imperial Age
30:31 Treadmill Crane
33:15 Gold Mining
34:48 Chemistry
34:10 Ballistics
36:52 Conscription
37:58 Two-Man Saw
37:35 Wheelbarrow
36:45 Town Watch
Connection lost

Rejoining the realm…

Still unreachable

The connection could not be restored.

Session expired

The server has moved on; the page needs a fresh start.